 Dungeon Crawl Stone Soup version 0.22.1-2-g9c5b331383 (webtiles) character file.

28 Honti the Chopper (level 2, 27/27 HPs)
             Began as a Minotaur Berserker on Dec 30, 2018.
             Was a Follower of Trog.
             Quit the game on level 2 of the Dungeon on Dec 31, 2018.
             The game lasted 00:01:59 (1071 turns).

Honti the Chopper (Minotaur Berserker)              Turns: 1071, Time: 00:02:00

Health: 27/27      AC:  7    Str: 21    XL:     2   Next: 96%
Magic:  1/1        EV: 11    Int:  4    God:    Trog [*.....]
Gold:   79         SH:  0    Dex:  9    Spells: 1/1 levels left

rFire    . . .     SeeInvis .   a - +0 hand axe
rCold    . . .     Gourm    .   (no shield)
rNeg     . . .     Faith    .   o - +0 ring mail (curse)
rPois    .         Spirit   .   e - +1 hat
rElec    .         Reflect  .   (no cloak)
rCorr    .         Harm     .   l - +0 pair of gloves
MR       .....                  (no boots)
Stlth    ..........             (no amulet)
HPRegen  0.09/turn              (no ring)
MPRegen  0.07/turn              (no ring)

@: no status effects
A: retaliatory headbutt, horns 2
a: Berserk, Renounce Religion


You were on level 2 of the Dungeon.
You worshipped Trog.
Trog was aware of your devotion.
You were not hungry.

You visited 1 branch of the dungeon, and saw 2 of its levels.

You collected 79 gold pieces.

Inventory:

Hand Weapons
 a - a +0 hand axe (weapon)
Armour
 e - a +1 hat (worn)
 l - a +0 pair of gloves (worn)
 n - a +0 leather armour
 o - a cursed +0 ring mail (worn)
Scrolls
 d - a scroll of identify
 g - a scroll of teleportation {unknown}
 i - a scroll of enchant armour {unknown}
 j - a scroll of blinking {unknown}
 m - a scroll of amnesia {unknown}
 q - a scroll of noise {unknown}
 r - a scroll of fog {unknown}
Potions
 f - a potion of ambrosia {unknown}
 h - 2 potions of curing {unknown}
 k - a potion of heal wounds {unknown}
Comestibles
 c - 4 rations
 p - a chunk of flesh


   Skills:
 + Level 4.0 Fighting
 * Level 4.2 Axes
 + Level 2.8 Armour
 + Level 2.5 Dodging


You had one spell level left.
You didn't know any spells.
Your spell library was empty.

Dungeon Overview and Level Annotations

Branches:
Dungeon (2/15)

Altars:
Fedhas
Uskayaw
Xom


Innate Abilities, Weirdness & Mutations

You reflexively headbutt those who attack you in melee.
You have a pair of horns on your head.


Message History

No target in view!
Things that are here:
a club; a goblin corpse You butcher the goblin corpse.
p - a chunk of flesh You see here a club.
q - a scroll labeled UMYERCH CU YDIUNLE
r - a scroll labeled ENEISCH ZE ATOGH
As you read the scroll labeled ZULESE MOCZI, it crumbles to dust.
It is a scroll of identify.
b - a cursed +0 scale mail Drop what? 18/52 slots (_ for help) (? for menu, Esc to quit)
You drop a cursed +0 scale mail.
Save game and exit?
Welcome back, Honti the Minotaur Berserker.
Trog says: Kill them all!
Press ? for a list of commands and other information.
Quiver which item? (- for none, * to show all) (? for menu, Esc to quit)
Okay, then.
Are you sure you want to abandon this character and quit the game? (Confirm

#......####### #.#..#..# #...)..#
####.##.#..# #......# #######
#.......#..# #......# #.....#
#..........# #......# #.....#
#..........# #......# #.....#
#...........
#......######)....####.......#..#
#...........'.............####..#
#############...@.#######.# #..#
#.....# #.# #..# #.....# #.# #..#
####### #.# #..# #.# ##.# #.# #
#.# # #.# # #.#


There were no monsters in sight!

Vanquished Creatures
  An adder (D:2)
  A dart slug (D:1)
  2 bats (D:1)
  A hobgoblin (D:1)
  4 kobolds
  A frilled lizard (D:2)
  2 goblins
  6 rats
18 creatures vanquished.

Notes
Turn   | Place    | Note
-------+----------+-------------------------------------------
     0 | D:1      | Honti the Minotaur Berserker began the quest for the Orb.
     0 | D:1      | Reached XP level 1. HP: 19/19 MP: 0/0
   298 | D:1      | Reached XP level 2. HP: 27/27 MP: 1/1
   971 | D:2      | Found a blossoming altar of Fedhas.
   971 | D:2      | Found a shimmering altar of Xom.
   971 | D:2      | Found a hide-covered altar of Uskayaw.
  1071 | D:2      | Quit the game

Skill      XL: |  1  2 |
---------------+-------+-----
Axes           | 4 |  4.2
Fighting       | 4 |  4.0
Armour         | |  2.8
Dodging        | |  2.5

Action                   || total
-------------------------++-------
Melee: Hand axe          ||    40
       Headbutt          ||     5
  Use: Scroll            ||     1
Armor: Animal skin       ||    10
       Leather armour    ||     2
Dodge: Dodged            ||    23
